 Dungeon Sprint DCSS version 0.28.0-43-g3370ac3207 (webtiles) character file.

Game seed: 12009933767458779632

1021 boopmooplesden the Carver (level 8, -12/86 HPs)
             Began as a Minotaur Berserker on Mar 8, 2022.
             Was a Priest of Trog.
             Mangled by a wyvern (13 damage)
             ... in the Dungeon (Sprint II: "The Violet Keep of Menkaure").
             The game lasted 00:00:29 (375 turns).

boopmooplesden the Carver (Minotaur Berserker)       Turns: 375, Time: 00:00:29

Health: -12/86     AC:  2    Str: 24    XL:     8   Next: 2%
Magic:  7/7        EV: 14    Int:  4    God:    Trog [***...]
Gold:   486        SH:  0    Dex: 10    Spells: 7/7 levels left

rFire   . . .      SeeInvis .   a - +0 falchion
rCold   . . .      Faith    .   (no shield)
rNeg    . . .      Spirit   .   b - +0 animal skin
rPois   .          Reflect  .   (helmet restricted)
rElec   .          Harm     .   (no cloak)
rCorr   .          Rampage  .   (no gloves)
Will    .....      NoTele   +   (no boots)
Stlth   +.........              (no amulet)
HPRegen 0.24/turn               (no ring)
MPRegen 0.10/turn               (no ring)

@: no status effects
A: horns 2, retaliatory headbutt
a: Renounce Religion, Berserk, Trog's Hand


You were in the Dungeon.
You worshipped Trog.
Trog was most pleased with you.
You visited 1 branch You collected 486 gold pieces.

Inventory:

Hand Weapons
 a - a +0 falchion (weapon)
Armour
 b - a +0 animal skin (worn)
Scrolls
 h - a scroll of blinking
Potions
 c - a potion of curing
 d - a potion of heal wounds
 e - a potion of haste
 f - 2 potions of magic
 g - a potion of berserk rage


   Skills:
 + Level 13.2 Fighting
 + Level 13.8 Long Blades
 + Level 7.1 Armour
 + Level 6.9 Dodging


You had 7 spell levels left.
You didn't know any spells.
Your spell library was empty.

Dungeon Overview and Level Annotations

Branches:
Dungeon (1/1)

Altars:


Innate Abilities, Weirdness & Mutations

You have a pair of horns on your head.
You reflexively headbutt those who attack you in melee.


Message History

You headbutt the wyvern. You hit the wyvern.
The wyvern is lightly wounded.
The wyvern bites you but does no damage.
You hit the wyvern. Your headbutt misses the wyvern.
The wyvern is moderately wounded.
The wyvern bites you!
You slash the wyvern! You headbutt the wyvern.
The wyvern is almost dead.
The wyvern bites you but does no damage.
You hit the wyvern but do no damage.
The wyvern is almost dead.
The wyvern closely misses you.
You hit the wyvern but do no damage.
The wyvern is almost dead.
The wyvern bites you!
You closely miss the wyvern. Your headbutt misses the wyvern.
The wyvern is almost dead.
The wyvern bites you!
* * * LOW HITPOINT WARNING * * *
You hit the wyvern. You headbutt the wyvern.
You kill the wyvern!
Trog accepts your kill.
Your Fighting skill increases to level 13!
Your Armour skill increases to level 7!
You have reached level 8!
You feel stronger.
You barely miss the wyvern. The wyvern bites you.
* * * LOW HITPOINT WARNING * * *
You slash the wyvern!
The wyvern is moderately wounded.
The wyvern misses you.
You barely miss the wyvern. Your headbutt misses the wyvern.
The wyvern is moderately wounded.
The wyvern bites you!
* * * LOW HITPOINT WARNING * * *
You hit the wyvern but do no damage. You headbutt the wyvern.
The wyvern is moderately wounded.
The wyvern bites you!
You die...

## ###
#.##..# ##
#...# #
#.###'##
.##
#.##.##B..#
#l@<.+#
#.##.##B.$#
#.###†##
.## ##
#...# #
#..#..# ##.
.## ## ##


You could see a wyvern.

Vanquished Creatures
  A wyvern (D)
  4 neqoxecs (D)
  4 necrophages (D)
9 creatures vanquished.

Vanquished Creatures (others)
  A water moccasin (D)
1 creature vanquished.

Grand Total: 10 creatures vanquished

Notes
Turn   | Place    | Note
-------+----------+-------------------------------------------
     0 | D        | boopmooplesden the Minotaur Berserker began the quest for
                  | the Orb.
     0 | D        | Reached XP level 1. HP: 19/19 MP: 0/0
     1 | D        | Noticed a neqoxec
     1 | D        | Noticed a neqoxec
     1 | D        | Noticed a neqoxec
     1 | D        | Noticed a neqoxec
     6 | D        | Killed a neqoxec
     7 | D        | Reached XP level 2. HP: 30/35 MP: 1/1
     7 | D        | Reached XP level 3. HP: 35/40 MP: 2/2
     7 | D        | Reached XP level 4. HP: 42/48 MP: 3/3
    14 | D        | Killed a neqoxec
    15 | D        | Reached skill level 10 in Long Blades
    15 | D        | Reached skill level 5 in Armour
    15 | D        | Reached XP level 5. HP: 45/58 MP: 4/4
    16 | D        | Killed a neqoxec
    16 | D        | Reached ** piety under Trog
    17 | D        | Reached skill level 5 in Dodging
    17 | D        | Reached XP level 6. HP: 53/68 MP: 5/5
    28 | D        | HP: 3/68 [neqoxec (13)]
    29 | D        | Killed a neqoxec
    30 | D        | Reached XP level 7. HP: 3/75 MP: 6/6
   331 | D        | Noticed a boulder beetle
   331 | D        | Noticed a boulder beetle
   349 | D        | Reached *** piety under Trog
   361 | D        | Noticed a wyvern
   361 | D        | Noticed a wyvern
   371 | D        | Killed a wyvern
   372 | D        | Reached XP level 8. HP: 15/86 MP: 7/7
   374 | D        | HP: 1/86 [wyvern (13)]
   375 | D        | Mangled by a wyvern

Illustrated notes

Levels and vault maps discovered:
D:        the_violet_keep_of_menkaure [sprint2_stairs_cluster_1,
          sprint2_shoproom, sprint2_temple, sprint2_basic_supplies,
          sprint2_obstacle_3, sprint2_obstacle_7, sprint2_obstacle_6,
          sprint2_obstacle_1, sprint2_obstacle_2, sprint2_timed_cluster_1,
          sprint2_smallroom_cluster_1, sprint2_smallroom_final_cluster_1,
          sprint2_transparent_cluster_1, sprint2_second_timed_cluster_1,
          sprint2_sniper_area_1, sprint2_heavy_combat_area_1,
          sprint2_mutation_trap_area_1, sprint2_forest_area_1,
          sprint2_light_combat_area_1, sprint2_behind_water_1,
          sprint2_near_end_vault_1]

Skill      XL: |  1  2  3  4  5  6  7 |
---------------+----------------------+-----
Fighting       | 8 9 11 13 | 13.2
Long Blades    | 8 10 11 12 13 | 13.8
Armour         | 4 5 6 7 |  7.1
Dodging        | 4 5 6 |  6.9

Action                   |  1- 3 |  4- 6 |  7- 9 || total
-------------------------+-------+-------+-------++-------
Melee: Falchion          |     4 |    22 |    29 ||    55
       Headbutt          |     1 |     1 |     7 ||     9
Invok: Berserk           |     1 |       |       ||     1
Armor: Animal skin       |       |     2 |     3 ||     5
Dodge: Dodged            |     1 |     3 |     8 ||    12
